Unix NetHack Version 5.0.0-0 post-release - last build Jun 10 2026 00:39:30 (3ee93aec679c4c4259841fe613dc97188e26a321,branch:main).

Game began 2026-06-19 20:16:35, ended 2026-06-19 20:28:11.

IanCurtis, chaotic male elven Wizard

                                    -------                         ---.----
                                    |.....|                         |......|
                                    |.....|                       ##.......|
    -------                         |.....|                       # ----.---
    |.)...|                         |.....|      ---------------###    ##
    |.<(..-##     ------------     #.......######-.........>...|#      #
    |.....|##     |..........|  ####|.....|      |.............|#     ##
    ||[...|##     |...........###   -------      |.............-#     #
    ------- ##    |..--..--..|                   ---------------      )
            ##### |..--..--..|                                      --*---
               ## |...........                                      |\[..|
               ###-..........|                                      |.fG@|
               ###|..--..--...                                      |..(.|
                  +..--..--..|                                      ------
                  |..........+
                  |..........|
                  ------------

IanCurtis the Conjurer    St:9 Dx:12 Co:16 In:20 Wi:9 Ch:10  Chaotic
Dlvl:5  $:157 HP:0(41) Pw:21(57) AC:8  Xp:5 T:2327 

Latest messages:
 In what direction? j
 The spell hits the hobgoblin!
 You kill the hobgoblin!
 Please move the cursor to a monster, object or location.
 (For instructions type a '?')
 G        a gnome (gnome king, asleep) [seen: normal vision, infravision]
 More info about "gnome king"? [yn] (n) n
 Pick a monster, object or location.
 Please move the cursor to a monster, object or location.
 (For instructions type a '?')
 Can't find dungeon feature '_'.
 Can't find dungeon feature '/'.
 Can't find dungeon feature '/'.
 Unknown direction: '+' (aborted).
 Done.
 Please move the cursor to a monster, object or location.
 (For instructions type a '?')
 o        an orc (hobgoblin, asleep) [seen: normal vision, infravision]
 More info about "hobgoblin"? [yn] (n) n
 Pick a monster, object or location.
 There are several objects here.
 Your kitten eats a goblin corpse.
 In what direction? l
 The spell hits the hobgoblin!
 You kill the hobgoblin!
 You see here a hobgoblin corpse.
 There is a hobgoblin corpse here; eat it? [ynq] (n) y
 This hobgoblin corpse is fatty.
 Your kitten eats a hobgoblin corpse.
 The gnome king wakes up!
 The gnome king throws a dagger!
 You are hit by a dagger!
 You stop eating the hobgoblin corpse.
 In what direction? h
 The spell hits the gnome king!
 The gnome king wields a mace!
 The mace welds itself to the gnome king's hand!
 In what direction? h
 The spell hits the gnome king!
 The gnome king resists!
 In what direction? h
 The spell hits the gnome king!
 You miss the gnome king.
 The gnome king swings his mace.
 The gnome king hits!
 You miss the gnome king.
 The gnome king swings his mace.
 The gnome king hits!
 You die...
 Do you want your possessions identified? [ynq] (y) q

Inventory:
 Coins    ('$')
  $ - 157 gold pieces
 Weapons  (')')
  a - a blessed +1 quarterstaff (weapon in hands)
 Armor    ('[')
  L - an uncursed +0 orcish helm (being worn)
  b - an uncursed +0 cloak of magic resistance (being worn)
 Comestibles  ('%')
  q - an uncursed food ration
 Scrolls  ('?')
  j - an uncursed scroll of blank paper
  K - an uncursed scroll of confuse monster
  r - a blessed scroll of enchant weapon
  i - 2 uncursed scrolls of enchant weapon
  h - 2 uncursed scrolls of identify
  o - a cursed scroll of light
  v - an uncursed scroll of remove curse
  p - an uncursed scroll of scare monster
  x - an uncursed scroll of teleportation
 Spellbooks  ('+')
  l - an uncursed spellbook of cause fear
  k - a blessed spellbook of force bolt
  s - an uncursed spellbook of haste self
  G - an uncursed spellbook of invisibility
 Potions  ('!')
  g - an uncursed potion of extra healing
  y - an uncursed potion of hallucination
  f - 5 uncursed potions of healing
  A - an uncursed potion of paralysis
  I - an uncursed potion of water
  u - a potion of unholy water
 Rings    ('=')
  e - an uncursed +1 ring of gain constitution
  t - an uncursed +1 ring of increase accuracy
  d - an uncursed ring of stealth
 Wands    ('/')
  c - a wand of cold (0:7)
 Tools    ('(')
  n - an uncursed tooled horn
  m - a magic marker (0:22)

IanCurtis the Wizard's attributes:

Background:
 You were a Conjurer, a level 5 male elven Wizard.
 You were chaotic, nominally on a mission for Anhur
 who was opposed by Ptah (lawful) and Thoth (neutral).
 You were right-handed.
 You were in the Dungeons of Doom, on level 5.
 You entered the dungeon 2327 turns ago.
 You had 177 experience points, 143 more were needed to attain level 6.

Basics:
 You had 0 out of 41 hit points.
 You had 21 out of 57 energy points (spell power).
 Your armor class was 8.
 Your wallet contained 157 zorkmids.
 Autopickup was off.

Final Characteristics:
 Your strength was 9 (limit:18).
 Your dexterity was 12 (limit:18).
 Your constitution was 16 (limit:16).
 Your intelligence was 20 (limit:20).
 Your wisdom was 9 (limit:20).
 Your charisma was 10 (limit:18).

Final Status:
 You weren't hungry.
 You were unencumbered.
 You were wielding a quarterstaff.
 You had basic skill with quarterstaff.

Final Attributes:
 You were piously aligned.
 You were magic-protected.
 You were sleep resistant.
 You had infravision.
 You were warded.
 You are dead.

Miscellaneous:
 You didn't encounter any bones levels.
 Total elapsed playing time was 11 minutes and 36 seconds.

Major events:
 Turn
    1: IanCurtis the chaotic male elven Wizard entered the dungeon
 1615: attained the rank of Conjurer (level 3)
 2327: killed by a gnome king

Spells:
 Name                 Level Category     Fail Retention
 force bolt             1   attack         0%   81%-90%
 cause fear             3   enchantment    0%   81%-90%
 haste self             3   escape        74%  76%-100%

Skills:
 Fighting Skills
   bare handed combat [Unskilled]
   riding             [Unskilled]
 Weapon Skills
   dagger             [Unskilled]
   knife              [Unskilled]
   axe                [Unskilled]
   short sword        [Unskilled]
   club               [Unskilled]
   mace               [Unskilled]
   quarterstaff       [Basic]
   polearms           [Unskilled]
   spear              [Unskilled]
   trident            [Unskilled]
   sling              [Unskilled]
   dart               [Unskilled]
   shuriken           [Unskilled]
 Spellcasting Skills
   attack spells      [Basic]
   healing spells     [Unskilled]
   divination spells  [Unskilled]
   enchantment spells [Basic]
   clerical spells    [Unskilled]
   escape spells      [Unskilled]
   matter spells      [Unskilled]

Voluntary challenges:
 Character rerolling was not enabled.
 You were an atheist.
 You never genocided any monsters.
 You never polymorphed an object.
 You never changed form.
 You used no wishes.
Achievements:
 You entered a shop.
 You attained the rank of Conjurer.

 The Dungeons of Doom: levels 1 to 5
    Level 1:
       A fountain.
    Level 2:
       A fountain.
    Level 3:
       A fountain.
    Level 4: "vault"
       A general store.
    Level 5: <- You were here.
       A throne, a grave.
       Final resting place for
          you, killed by a gnome king.


Vanquished creatures:
  a pony
  2 giant ants
  a kitten
 an orc zombie
  2 dwarf zombies
 an iguana
  2 acid blobs
  a gas spore
  2 hobbits
  a large kobold
  8 hobgoblins
  3 giant rats
  2 gnomes
  2 garter snakes
  a gnome zombie
  3 geckos
  2 jackals
  a fox
  2 goblins
  4 grid bugs
  a lichen
  a kobold zombie
  3 newts
47 creatures vanquished.

No species were genocided or became extinct.

Game over:
                       ----------
                      /          \
                     /    REST    \
                    /      IN      \
                   /     PEACE      \
                  /                  \
                  |    IanCurtis     |
                  |      157 Au      |
                  |   killed by a    |
                  |    gnome king    |
                  |                  |
                  |                  |
                  |       2026       |
                 *|     *  *  *      | *
        _________)/\\_//(\/(/\)/\//\/|_)_______

Goodbye IanCurtis the Wizard...

You died in The Dungeons of Doom on dungeon level 5 with 1050 points,
and 157 pieces of gold, after 2327 moves.
You were level 5 with a maximum of 41 hit points when you died.

